 Dungeon Crawl Stone Soup version 0.17.1-3-g152610e (webtiles) character file.

702 Goblin1989 the Spear-Bearer (level 7, -4/52 HPs)
             Began as a Merfolk Skald on Feb 23, 2016.
             Slain by a hippogriff (6 damage)
             ... on level 5 of the Dungeon.
             The game lasted 00:11:10 (4085 turns).

Goblin1989 the Spear-Bearer (Merfolk Skald)         Turns: 4085, Time: 00:11:10

Health: -4/52      AC:  8    Str: 14    XL:     7   Next: 66%
Magic:  9/10       EV: 13    Int: 11    God:
Gold:   259        SH:  0    Dex: 17    Spells: 4 memorised, 1 level left

rFire  . . .     SeeInvis .     r - +0 trident
rCold  . . .     Clarity  .     i - +1 animal skin
rNeg   . . .     SustAt   .     (no shield)
rPois  .         Gourm    .     q - +2 helmet
rElec  .         Spirit   .     t - +0 cloak
rCorr  .         Warding  .     v - +0 pair of gloves
rMut   .         Stasis   .     (no boots)
MR     .....                    (no amulet)
Stlth  ++........               (no ring)
                                p - +3 ring of dexterity

@: marked, singing, drained, not resistant to hostile enchantments, unstealthy
A: change form in water, swift swim
a: Stop Singing


You were on level 5 of the Dungeon.
You were very hungry.

You visited 1 branch of the dungeon, and saw 5 of its levels.

You collected 259 gold pieces.

Inventory:

Hand Weapons
 r - a +0 trident (weapon)
 s - a +0 glaive
Armour
 i - a +1 animal skin (worn)
 q - a +2 helmet (worn)
 t - a +0 cloak (worn)
 v - a +0 pair of gloves (worn)
Jewellery
 p - a +3 ring of dexterity (left hand)
Wands
 a - a wand of confusion (18)
Scrolls
 e - a scroll of identify
 g - a scroll of remove curse
 l - a scroll of fog
Potions
 b - a potion of resistance {unknown}
 h - a potion of might {unknown}
 k - 3 potions of curing
 m - 2 potions of heal wounds
 n - a potion of invisibility {unknown}
 o - a potion of agility {unknown}
 u - a potion of brilliance {unknown}
Books
 c - a book of Battle

   Spells                             Type                      Level
   a - Infusion                       Charms                       1
   b - Shroud of Golubria             Charms/Translocation         2
   c - Song of Slaying                Charms                       2
   d - Spectral Weapon                Hexes/Charms                 3
   e - Regeneration                   Charms/Necromancy            3
Comestibles
 d - 4 bread rations
 f - 3 meat rations
 j - a royal jelly


   Skills:
 + Level 3.1(2.7) Fighting
 * Level 10.5(10.1) Polearms
 - Level 0.6(0.2) Armour
 + Level 3.1(2.8) Dodging
 - Level 2.0(1.6) Spellcasting
 + Level 4.1(3.7) Charms


You had one spell level left.
You knew the following spells:

 Your Spells              Type           Power        Failure   Level  Hunger
a - Infusion              Chrm           #.....       10%         1    ##.....
b - Song of Slaying       Chrm           #.......     12%         2    ###....
c - Spectral Weapon       Hex/Chrm       #.......     47%         3    ####...
d - Regeneration          Chrm/Necr      #.........   47%         3    ####...


Dungeon Overview and Level Annotations

Branches:
Dungeon (5/15)
 Temple: D:4-7

Altars:
Sif Muna
Yredelemnul

Shops:
D:4 (=}


Message History

The hippogriff is moderately wounded.
The iguana closely misses you.
The shadow imp hits you but does no damage.
The hippogriff barely misses you. The hippogriff pecks you.
The hippogriff closely misses you.
You barely miss the hippogriff.
The hippogriff is moderately wounded.
The iguana bites you!
* * * LOW HITPOINT WARNING * * *
The hippogriff bites you.
* * * LOW HITPOINT WARNING * * *
The hippogriff misses you. x2
The shadow imp closely misses you.
You hit the iguana but do no damage. The iguana misses you.
You closely miss the iguana. The shadow imp hits you.
* * * LOW HITPOINT WARNING * * *
The hippogriff misses you.
The hippogriff pecks you but does no damage.
The hippogriff claws you.
You die...

#.##.##.#.......#...#.....##
#....#..#.......#..##.....<#
######..##.....##..##.....##
........####.####..+......#
##....[........$...#......#
#.####...................#
#.####............#>.#####
#.†.............H.....#
#######.......5@†.....#
#..............)l......
#.######.......W.#.....
##........# ....
...........# ...
.......####'# .. ....<...#
.. . +##.##... .. .. #####


You could see a hippogriff, a phantom, an iguana and a shadow imp.

Vanquished Creatures
  Sigmund (D:3)
  Edmund (D:5)
  An ogre (D:4)
  A scorpion (D:5)
  A giant frog skeleton (D:4)
  A centaur skeleton (D:5)
  Jessica (D:3)
  3 worker ants (D:4)
  A hound skeleton (D:5)
  Robin (D:3)
  3 adders
  A shadow imp (D:5)
  An ooze (D:3)
  A worm (D:2)
  2 giant geckos
  4 orcs
  7 bats
  6 giant cockroaches
  10 hobgoblins
  5 giant newts
  14 goblins
  6 kobolds
  A quokka skeleton (D:4)
  2 quokka zombies
  3 rats
78 creatures vanquished.

Notes
Turn   | Place    | Note
--------------------------------------------------------------
     0 | D:1      | Goblin1989 the Merfolk Skald began the quest for the Orb.
     0 | D:1      | Reached XP level 1. HP: 16/16 MP: 3/3
   224 | D:1      | Reached skill level 4 in Polearms
   224 | D:1      | Reached XP level 2. HP: 22/22 MP: 5/5
   955 | D:2      | Reached skill level 5 in Polearms
   955 | D:2      | Reached XP level 3. HP: 27/27 MP: 6/6
  1512 | D:3      | Noticed Robin
  1759 | D:3      | Reached skill level 6 in Polearms
  2013 | D:3      | Killed Robin
  2013 | D:3      | Reached XP level 4. HP: 19/33 MP: 7/7
  2131 | D:3      | Noticed Jessica
  2143 | D:3      | Killed Jessica
  2423 | D:3      | Reached skill level 7 in Polearms
  2589 | D:3      | Noticed Sigmund
  2602 | D:3      | Killed Sigmund
  2602 | D:3      | Reached skill level 9 in Polearms
  2602 | D:3      | Reached XP level 5. HP: 26/38 MP: 8/8
  2602 | D:3      | Reached XP level 6. HP: 30/44 MP: 9/9
  2960 | D:4      | Learned a level 2 spell: Song of Slaying
  2964 | D:4      | Learned a level 3 spell: Spectral Weapon
  2968 | D:4      | Learned a level 3 spell: Regeneration
  3221 | D:4      | Found Lalehim's Weapon Emporium.
  3248 | D:4      | Found Vyodiush's Jewellery Emporium.
  3369 | D:4      | Found Juhy's Gadget Boutique.
  3426 | D:4      | Reached skill level 10 in Polearms
  3426 | D:4      | Reached XP level 7. HP: 25/51 MP: 10/10
  3623 | D:4      | Found a deep blue altar of Sif Muna.
  3847 | D:5      | Entered Level 5 of the Dungeon
  3874 | D:5      | Noticed Edmund
  3875 | D:5      | Found a basalt altar of Yredelemnul.
  3910 | D:5      | Killed Edmund
  4065 | D:5      | Noticed a hippogriff
  4085 | D:5      | HP: 2/52 [shadow imp (5)]
  4085 | D:5      | Slain by a hippogriff

Action                   |  1- 3 |  4- 6 |  7- 9 || total
-------------------------+-------+-------+-------++-------
Melee: Spear             |   226 |    50 |       ||   276
       Trident           |       |    62 |   114 ||   176
 Cast: Infusion          |     1 |       |       ||     1
       Song of Slaying   |       |       |     1 ||     1
  Use: Scroll            |       |       |     5 ||     5
       Potion            |       |       |     3 ||     3
 Stab: Sleeping          |       |     1 |     1 ||     2
  Eat: Chunk             |     2 |     5 |     1 ||     8
       Beef jerky        |     1 |       |       ||     1
